 Dungeon Crawl Stone Soup version 0.29-a0-541-gaf1fc19f1b (webtiles) character file.

Game seed: 11654647516461049836

70 xian the Slasher (level 4, -4/40 HPs)
             Began as a Draconian Berserker on June 3, 2022.
             Was a Follower of Trog.
             Slain by Duvessa
             ... wielding a +0 short sword
              (7 damage)
             ... on level 4 of the Dungeon.
             The game lasted 00:05:39 (2741 turns).

xian the Slasher (Draconian Berserker)              Turns: 2741, Time: 00:05:40

Health: -4/40      AC:  6    Str: 21    XL:     4   Next: 4%
Magic:  4/4        EV: 12    Int:  8    God:    Trog [*.....]
Gold:   76         SH:  0    Dex: 10    Spells: 3/3 levels left

rFire   . . .      SeeInvis .   a - +0 falchion
rCold   . . .      Faith    .   (no shield)
rNeg    . . .      Spirit   .   (body armour unavailable)
rPois   .          Reflect  .   (helmet restricted)
rElec   .          Harm     .   (no cloak)
rCorr   .          Rampage  .   o - +0 pair of gloves
Will    .....                   (no boots)
Stlth   +.........              (no amulet)
HPRegen 0.13/turn               r - ring of flight
MPRegen 0.09/turn               (no ring)

@: flying
A: AC +5, unfitting armour, cold-blooded
a: Renounce Religion, Berserk


You were on level 4 of the Dungeon.
You worshipped Trog.
Trog was aware of your devotion.
You visited 1 branch of the dungeon, and saw 4 of its levels.

You collected 76 gold pieces.

Inventory:

Hand Weapons
 a - a +0 falchion (weapon)
Armour
 o - a +0 pair of gloves (worn)
Jewellery
 r - a ring of flight (left hand)
Scrolls
 b - 3 scrolls of teleportation {unknown}
 d - a scroll of immolation {unknown}
 e - a scroll of torment {unknown}
 g - a scroll of amnesia {unknown}
 h - a scroll of fog {unknown}
 i - a scroll of identify {unknown}
 j - a scroll of fear {unknown}
 k - a scroll of poison {unknown}
 p - a scroll of blinking {unknown}
 q - a scroll of vulnerability {unknown}
Potions
 c - a potion of magic {unknown}
 f - 3 potions of curing {unknown}
 l - a potion of might {unknown}
 m - a potion of haste {unknown}
 n - a potion of resistance {unknown}


   Skills:
 + Level 3.9 Fighting
 + Level 3.9 Long Blades
 + Level 3.2 Dodging
 + Level 0.2 Stealth


You had 3 spell levels left.
You didn't know any spells.
Your spell library contained the following spells:

 Spells                   Type           Power      Damage    Failure   Level
 Summon Small Mammal      Summ           0%         N/A       41%         1
 Call Canine Familiar     Summ           0%         N/A       78%         3
 Summon Guardian Golem    Hex/Summ       0%         N/A       78%         3
 Dispersal                Tloc           0%         N/A       100%        6
 Disjunction              Tloc           0%         N/A       100%        8


Dungeon Overview and Level Annotations

Branches:
Dungeon (3/15)

Altars:
Hepliaklqana

Annotations:
D:4 Dowan, Duvessa


Innate Abilities, Weirdness & Mutations

Your plain brown scales are hard. (AC +5)
You cannot fit into any form of body armour.
You are cold-blooded and may be slowed by cold attacks.


Message History

r - a ring of flight You fly up into the air.
r - a ring of flight (left hand) Duvessa, Sister of Dowan comes into view.
She is wielding a +0 short sword.
Duvessa shouts!
Okay, then.
Dowan, Brother of Duvessa comes into view.
He is wielding a +0 dagger and carrying a wand of digging (2).
Found a stone staircase leading up.
Duvessa gestures with her weapon.
Dowan shouts!
Dowan zaps a wand.
Some rock shatters into small pieces.
Duvessa drinks a potion.
Duvessa flickers and vanishes!
Deactivating autopickup; reactivate with Ctrl-A.
You hear a zap.
You hear a grinding noise.
Found a stone staircase leading down.
You hit something. Something hits you.
You hit something but do no damage. Something hits you.
Dowan gestures at you while chanting.
The puff of flame hits something.
Something hits you. Something hits you.
Found 6 gold pieces.
Something barely misses you. Dowan gestures at you while chanting.
The puff of frost hits something.
Something hits you.
Found 12 gold pieces.
Something hits you. Something hits you.
Found a leather armour.
You see here 6 gold pieces.
Found a red potion.
You see here 12 gold pieces.
Something hits you. Something hits you!
* * * LOW HITPOINT WARNING * * *
Dowan gestures at you while chanting. The puff of flame misses you.
Something hits you but does no damage.
There is a stone staircase leading down here.
Dowan casts a spell at you.
The puff of flame hits something.
Something hits you!
You die...

.. ... ### ...##
##.##
.....###...#
...#....$..###
#......e#...##
###....###e..#
#..#.....#....#
#!.....@......#
.[#..........## .
##.........###
#...........##
#.............#
...............#
##....#........##
#.....#...####.#
...........#..#


You could see Dowan.

Vanquished Creatures
  3 adders
  A worm (D:3)
  A dart slug (D:1)
  3 bats
  2 endoplasms
  3 giant cockroaches
  2 goblins
  3 hobgoblins (D:1)
  7 jackals
  2 quokkas
  3 ball pythons
  2 frilled lizards
  3 kobolds (D:1)
  2 rats (D:1)
37 creatures vanquished.

Notes
Turn   | Place    | Note
-------+----------+-------------------------------------------
     0 | D:1      | xian the Draconian Berserker began the quest for the Orb.
     0 | D:1      | Reached XP level 1. HP: 19/19 MP: 1/1
   183 | D:1      | Reached XP level 2. HP: 20/26 MP: 2/2
  1150 | D:2      | Found a faded altar of an unknown god.
  1170 | D:2      | Reached XP level 3. HP: 22/33 MP: 3/3
  1876 | D:2      | Found a hazy altar of Hepliaklqana.
  2597 | D:3      | Reached XP level 4. HP: 35/40 MP: 4/4
  2670 | D:3      | You fall into a shaft and drop 1 floor!
  2696 | D:4      | Noticed Duvessa
  2697 | D:4      | Noticed Dowan
  2741 | D:4      | Slain by Duvessa

Illustrated notes

Levels and vault maps discovered:
D:1:      eino_arrival_water_cross, layout_basic, minmay_misc_feat_rows
D:2:      layout_rooms, nicolae_ecumenical_snake_handling, basic_altar,
          minmay_misc_feat_four_crosses, kennysheep_small_spiral,
          grunt_decor_one_mirror, minmay_misc_feat_enclosed
D:3:      layout_loops_corners, mainiacjoe_overflow_surrounded_room,
          nicolae_gozag_cash_rules_everything_around_me, uniq_ijyb
D:4:      layout_cave_pools, nicolae_ru_great_annihilating_truth,
          mainiacjoe_overflow_brackets, serial_shops, kennysheep_mini_moat,
          uniq_menkaure, uniq_duvessa, uniq_natasha

Skill      XL: |  1  2 |
---------------+-------+-----
Dodging        | 3 |  3.2
Fighting       | |  3.9
Long Blades    | |  3.9
Stealth        | |  0.2

Action                   |  1- 3 |  4- 6 || total
-------------------------+-------+-------++-------
Melee: Falchion          |   147 |     2 ||   149
       Tailslap          |    16 |       ||    16
 Stab: Sleeping          |     1 |       ||     1
Armor: Skin              |    68 |     1 ||    69
Dodge: Dodged            |   118 |     2 ||   120

Table legend: (Time is in decaauts)
 A = Elapsed time spent in this place.
 B = Non-inter-level travel time spent in this place.
 C = Inter-level travel time spent in this place.
 D = Time resting spent in this place.
 E = Time spent auto-exploring this place.
 F = Levels seen in this place.
 G = Mean time per level.
                   A        B        C        D        E       F      G
               +--------+--------+--------+--------+--------+-----+--------+
         Total |   2759 |   2617 |    142 |      0 |   1967 |   4 |  689.8 |
       Dungeon |   2759 |   2617 |    142 |      0 |   1967 |   4 |  689.8 |
               +--------+--------+--------+--------+--------+-----+--------+

Top non-repeatable levels by time:
     D:1: 1147 daAuts
     D:2: 1067 daAuts
     D:3: 474 daAuts
     D:4: 70 daAuts
